 Dungeon Crawl Stone Soup version 0.30-a0-1043-g60ff8d5f49 (webtiles) character file.

Game seed: 15733096215675043636

19 Pimp the Trooper (level 2, 0/24 HPs)
             Began as a Demonspawn Fighter on Apr 9, 2023.
             Slain by a goblin
             ... wielding a +0 club
             ... led by Robin
              (2 damage)
             ... on level 2 of the Dungeon.
             The game lasted 00:01:12 (310 turns).

Pimp the Trooper (Demonspawn Fighter)                Turns: 310, Time: 00:01:12

Health: 0/24       AC:  7    Str: 16    XL:     2   Next: 55%
Magic:  2/2        EV:  8    Int:  9    God:
Gold:   0          SH:  4    Dex: 12    Spells: 1/1 levels left

rFire   . . .      SeeInvis .    a - +0 war axe
rCold   . . .      Faith    .    c - +0 buckler
rNeg    . . .      Spirit   .    b - +0 scale mail
rPois   .          Reflect  .    (no helmet)
rElec   .          Rampage  .    (no cloak)
rCorr   .                        (no gloves)
Will    .....                    (no boots) Stlth
                                 (no amulet)
HPRegen 0.24/turn                (no ring)
MPRegen 0.08/turn                (no ring)

@: mighty, brilliant
A: rugged brown scales 1
a: no special abilities


You were on level 2 of the Dungeon.
You visited 1 branch of the dungeon, and saw 2 of its levels.

Inventory:

Hand Weapons
 a - a +0 war axe (weapon)
Armour
 b - a +0 scale mail (worn)
 c - a +0 buckler (worn)
Scrolls
 e - 2 scrolls of fear {unknown}
 f - a scroll of noise {unknown}
 g - a scroll of identify {unknown}


   Skills:
 + Level 3.2 Fighting
 + Level 2.1 Axes
 + Level 2.9 Armour
 + Level 2.9 Shields


You had one spell level left.
You didn't know any spells.
Your spell library was empty.

Dungeon Overview and Level Annotations

Branches:
Dungeon (1/15)

Altars:

Annotations:
D:2 Robin


Innate Abilities, Weirdness & Mutations

You are partially covered in rugged brown scales. (AC +1, +3% HP)


Message History

The goblin hits you with a +0 club.
* * * LOW HITPOINT WARNING * * *
The hobgoblin closely misses you. The goblin hits you but does no damage.
You completely miss the goblin. You barely miss Robin.
You closely miss the hobgoblin. You barely miss the goblin.
The goblin hits you but does no damage. The goblin hits you with a +0 club.
* * * LOW HITPOINT WARNING * * *
The hobgoblin hits you.
* * * LOW HITPOINT WARNING * * *
Robin hits you but does no damage. You block the goblin's attack.
It was a potion of brilliance.
You feel clever all of a sudden. The goblin barely misses you.
The hobgoblin hits you but does no damage.
Robin hits you with a +5 club.
* * * LOW HITPOINT WARNING * * *
The goblin barely misses you.
It was a potion of curing.
You feel better.
The hobgoblin hits you but does no damage.
The goblin hits you but does no damage. x2
Unknown command.
You feel very mighty all of a sudden.
The goblin no longer looks unusually strong.
Robin roars a battlecry!
The goblin goes into a battle-frenzy!
You block the goblin's attack. The hobgoblin hits you.
* * * LOW HITPOINT WARNING * * *
The goblin hits you but does no damage.
You closely miss the hobgoblin. You slash Robin! You barely miss the goblin.
You slash the goblin!
You kill the goblin!
The goblin hits you but does no damage. Robin throws the goblin at you!
The goblin hits you but does no damage. The hobgoblin hits you.
* * * LOW HITPOINT WARNING * * *
Unknown command.
You barely miss the hobgoblin. You closely miss the goblin.
You miss the goblin. You hit Robin.
The hobgoblin no longer looks unusually strong.
The goblin hits you with a +0 club.
You die...

###############
#.............#
#.###########.#
#.# #.# #.# #g#
#.# #@# #.#
#gggg...... #.#
#.#.######. #.#
#.#.# #.# . #.#
#.# ## #.# #.#
#.# ####.# #.#
.....#


You could see Robin, a hobgoblin and 3 goblins.

Vanquished Creatures
  8 goblins
  4 hobgoblins
  2 kobolds (D:1)
  3 ball pythons (D:1)
  A rat (D:2)
18 creatures vanquished.

Notes
Turn   | Place    | Note
-------+----------+-------------------------------------------
     0 | D:1      | Pimp the Demonspawn Fighter began the quest for the Orb.
     0 | D:1      | Reached XP level 1. HP: 18/18 MP: 1/1
   176 | D:1      | Gained mutation: You are partially covered in rugged brown
                  | scales. (AC +1, +3% HP) [demonic ancestry]
   176 | D:1      | Reached XP level 2. HP: 17/24 MP: 2/2
   230 | D:1      | You fall into a shaft and drop 1 floor!
   295 | D:2      | Noticed Robin
   310 | D:2      | Slain by a goblin

Illustrated notes

Levels and vault maps discovered:
D:1:      psy_arrival_radial02, layout_basic
D:2:      layout_basic, basic_altar, dreamdust_ecumenical_altar_statues,
          uniq_robin

Skill      XL: |  1 |
---------------+----+-----
Axes           | 2 |  2.1
Fighting       | |  3.2
Armour         | |  2.9
Shields        | |  2.9

Action                     || total
---------------------------++-------
  Melee: War axe           ||    32
    Use: Potion            ||     3
 Armour: Scale mail        ||    33
  Dodge: Dodged            ||    18
  Block: Buckler           ||    14

Table legend: (Time is in decaauts)
 A = Elapsed time spent in this place.
 B = Non-inter-level travel time spent in this place.
 C = Inter-level travel time spent in this place.
 D = Time resting spent in this place.
 E = Time spent auto-exploring this place.
 F = Levels seen in this place.
 G = Mean time per level.
                   A        B        C        D        E       F      G
               +--------+--------+--------+--------+--------+-----+--------+
         Total |    326 |    234 |     92 |      0 |    147 |   2 |  163.0 |
       Dungeon |    326 |    234 |     92 |      0 |    147 |   2 |  163.0 |
               +--------+--------+--------+--------+--------+-----+--------+

Top non-repeatable levels by time:
     D:1: 239 daAuts
     D:2: 86 daAuts
